Map: Prion Terraces

Players

FinalCut - Winner!

  • Race: Zerg Zerg
  • League: Diamond

LilDicky

  • Race: Terran Terran
  • League: Diamond

VOD

http://www.twitch.tv/tumescentpie

Description

Time

  • Played on: Dec. 8, 2015, 6:07 a.m.
  • Length: 11:40
Show
View Real Time Build Order
Export as new Build Order

FinalCut Zerg - Winner!

Build Orders: Pool First 

Get SALT Encoding   

  12  0:01  Drone  
  13  0:12  Overlord  
  13  0:17  Drone  
  14  0:30  Drone  
  14  0:31  Drone  
  16  0:36  Drone  
  17  0:46  Spawning Pool  
  17  0:49  Drone  
  17  1:13  Hatchery, Drone  
  17  1:14  Drone  
  18  1:23  Drone  
  19  1:30  Extractor  
  18  1:33  Queen, Zergling x2  
  18  1:38  Overlord  
  21  1:53  Drone  
  22  2:02  Drone  
  23  2:12  Queen  
  25  2:17  Drone  
  26  2:26  Drone  
  26  2:45  Drone x4  
  26  2:49  Queen  
  26  2:50  Overlord  
  32  2:51  Drone  
  32  2:52  Drone x2  
  32  2:53  Metabolic Boost  
  35  3:08  Roach Warren  
  35  3:09  Drone x3, Extractor  
  35  3:12  Drone  
  37  3:19  Lair  
  37  3:20  Drone  
  37  3:21  Drone  
  37  3:25  Overlord  
  39  3:33  Evolution Chamber, Drone x3  
  41  3:43  Extractor  
  42  3:48  Roach  
  42  3:49  Roach x4  
  42  3:53  Drone  
  51  3:58  Overlord  
  51  4:03  Zerg Missile Weapons Level 1  
  51  4:07  Extractor  
  51  4:08  Drone  
  51  4:19  Overseer  
  51  4:22  Roach x3  
  57  4:33  Glial Reconstitution  
  57  4:35  Roach  
  57  4:36  Overlord  
  57  4:37  Overlord  
  59  4:46  Hatchery  
  56  5:00  Roach  
  56  5:01  Roach x6  
  68  5:17  Ravager x3  
  68  5:20  Zergling x6  
  65  5:41  Roach  
  65  5:42  Roach  
  69  5:45  Drone  
  70  5:55  Roach x2  
  74  6:02  Ravager  
  74  6:03  Ravager x2  
  77  6:10  Queen  
  77  6:11  Queen  
  72  6:30  Roach x6  
  72  6:31  Roach x2  
  61  6:42  Drone x5  
  66  6:54  Drone x3  
  69  6:57  Ravager x2  
  71  7:02  Drone x2  
  71  7:04  Drone  
  71  7:06  Hatchery  
  73  7:09  Drone  
  73  7:12  Infestation Pit  
  73  7:18  Drone  
  74  7:25  Overlord x2  
  74  7:26  Overlord x3  
  65  7:53  Roach x7  
  65  7:54  Roach x4  
  87  8:00  Pathogen Glands  
  87  8:12  Queen x2  
  87  8:19  Roach x6  
  104  8:20  Roach  
  104  8:23  Extractor  
  104  8:25  Extractor  
  102  8:35  Drone x3  
  102  8:36  Queen  
  107  8:47  Drone  
  107  8:48  Drone x4  
  112  8:49  Overlord x2  
  112  9:09  Zerg Missile Weapons Level 2  
  112  9:10  Infestor x2  
  112  9:11  Infestor  
  112  9:14  Queen  
  118  9:24  Ravager  
  118  9:25  Ravager x2  
  118  9:26  Zergling x8  
  118  9:27  Zergling x6  
  128  9:33  Overlord x2  
  128  9:51  Infestor x3  
  132  9:54  Roach x2  
  136  10:07  Hatchery, Drone x4  
  133  10:37  Roach x5  
  85  11:06  Roach x6  
  85  11:07  Roach x7  
  85  11:08  Roach x6  
Show
View Real Time Build Order
Export as new Build Order

LilDicky Terran 

Build Orders: Liberator Opening, Mech 

Get SALT Encoding   

  12  0:03  SCV  
  13  0:15  SCV  
  13  0:18  Supply Depot  
  14  0:27  SCV  
  15  0:39  SCV  
  16  0:43  Refinery  
  16  0:44  Barracks  
  16  0:52  SCV  
  17  1:04  SCV  
  18  1:13  Refinery  
  18  1:16  SCV  
  19  1:30  SCV  
  19  1:32  Supply Depot, Marine  
  21  1:42  SCV  
  22  1:54  Orbital Command  
  22  1:57  Factory  
  22  2:10  Supply Depot  
  22  2:12  Barracks Reactor  
  22  2:20  SCV  
  23  2:36  SCV  
  24  2:42  Armory  
  24  2:43  Factory Tech Lab  
  24  2:44  Starport  
  24  2:51  SCV, Marine x2  
  27  3:03  SCV  
  31  3:17  SCV  
  32  3:28  Supply Depot  
  32  3:29  Thor  
  32  3:31  Medivac  
  32  3:32  Marine  
  32  3:33  Marine  
  39  3:38  Supply Depot  
  39  3:44  Liberator  
  39  3:50  SCV, Marine  
  39  3:51  Marine  
  42  4:02  SCV  
  46  4:05  Supply Depot  
  46  4:08  Marine  
  46  4:09  Marine  
  48  4:23  Siege Tank  
  51  4:26  Marine  
  51  4:27  Marine  
  51  4:29  Command Center, SCV  
  54  4:37  Supply Depot  
  54  4:43  Marine  
  55  5:42  Thor  
  55  5:43  Orbital Command  
  55  5:44  Marine x2  
  55  5:47  Medivac  
  59  5:50  SCV  
  60  6:02  Marine  
  61  6:11  Marine  
  61  6:13  Orbital Command  
  62  6:20  Marine  
  48  6:34  Liberator  
  48  6:40  SCV x2  
  48  6:46  Marine x2  
  52  6:48  Siege Tank  
  52  6:52  SCV  
  52  6:53  SCV  
  60  7:04  SCV, Marine x2  
  60  7:06  Bunker  
  63  7:13  Supply Depot  
  63  7:15  Refinery  
  63  7:16  Refinery  
  63  7:17  Command Center, Factory x2  
  63  7:22  Marine x2  
  55  8:13  Marine  
  55  8:14  Marine  
  55  8:18  Thor  
  63  8:20  Factory Tech Lab  
  63  8:21  Factory Tech Lab  
  59  8:31  Marine x2  
  61  8:34  SCV  
  61  8:35  SCV  
  63  8:53  Orbital Command  
  63  8:55  Liberator  
  63  8:56  SCV x2, Supply Depot  
  63  8:58  Thor  
  63  8:59  Thor  
  63  9:01  Thor  
  83  9:06  Supply Depot  
  83  9:08  SCV  
  87  9:21  Command Center  
  87  9:26  Orbital Command  
  87  9:44  Refinery  
  87  9:46  Command Center  
  87  9:49  Thor x2  
  99  9:53  Refinery  
  99  9:54  Refinery  
  99  9:55  Refinery, Marine  
  100  10:01  Barracks  
  100  10:03  Supply Depot, Barracks  
  100  10:06  SCV  
  101  10:12  Marine  
  98  10:30  Marine  
  99  10:48  Marine  
  74  11:02  SCV x3  
  80  11:06  Marine  
  64  11:14  SCV x2  
  71  11:25  SCV  
  71  11:26  SCV  
Tags
 
Add a new tag
Caveats
  • Supply blocks, unpowered buildings, or Contaminate may cause inaccurate times.
  • Supply counts are checked every 10 seconds.